 Dungeon Crawl Stone Soup version 0.28-b1-25-g9875b3fc8c (webtiles) character file.

Game seed: 6509133879239146593

101 tilp the Sneak (level 4, 0/24 HPs)
             Began as a Tengu Enchanter on Feb 5, 2022.
             Was an Initiate of Dithmenos.
             Succumbed to an adder's poison
             ... on level 2 of the Dungeon.
             The game lasted 00:03:17 (1963 turns).

tilp the Sneak (Tengu Enchanter)                    Turns: 1963, Time: 00:03:18

Health: 0/24       AC:  2    Str:  8    XL:     4   Next: 75%
Magic:  6/8        EV: 12    Int: 17    God:    Dithmenos [......]
Gold:   91         SH:  0    Dex: 15    Spells: 2/7 levels left

rFire   . . .      SeeInvis .   a - +1 dagger
rCold   . . .      Faith    .   (no shield)
rNeg    . . .      Spirit   .   b - +0 robe
rPois   .          Reflect  .   (helmet restricted)
rElec   .          Harm     .   (no cloak)
rCorr   .          Rampage  .   (no gloves)
Will    .....                   (boots unavailable)
Stlth   +++.......              (no amulet)
HPRegen 0.08/turn               h - ring of wizardry
MPRegen 0.11/turn               (no ring)

@: lethally poisoned (0 -> -6)
A: beak, talons 3
a: Renounce Religion


You were on level 2 of the Dungeon.
You worshipped Dithmenos.
Dithmenos was noncommittal.
You visited 1 branch of the dungeon, and saw 2 of its levels.

You collected 91 gold pieces.

Inventory:

Hand Weapons
 a - a +1 dagger (weapon)
Missiles
 d - 22 stones (quivered)
Armour
 b - a +0 robe (worn)
Jewellery
 h - a ring of wizardry (left hand)
Scrolls
 i - a scroll of teleportation {unknown}
 j - a scroll of identify {unknown}
 k - a scroll of fear {unknown}
 l - a scroll of silence {unknown}
 m - a scroll of immolation {unknown}
Potions
 c - a potion of invisibility
 e - 2 potions of curing {unknown}
 f - a potion of degeneration {unknown}
 g - a potion of mutation {unknown}


   Skills:
 - Level 1.1 Short Blades
 - Level 2.1 Dodging
 - Level 4.0 Stealth
 - Level 2.0 Spellcasting
 + Level 3.0 Hexes
 - Level 2.0 Ice Magic


You had 2 spell levels left.
You knew the following spells:

 Your Spells              Type           Power      Damage    Failure   Level
a - Ensorcelled Hibernat  Hex/Ice        20%        N/A       4%          2
b - Confusing Touch       Hex            11%        N/A       7%          3

Your spell library contained the following spells:

 Spells                   Type           Power      Damage    Failure   Level
 Tukima's Dance           Hex            11%        N/A       7%          3
 Dazzling Flash           Conj/Hex       12%        N/A       12%         3


Dungeon Overview and Level Annotations

Branches:
Dungeon (2/15)

Altars:
Dithmenos


Innate Abilities, Weirdness & Mutations

You have a beak for a mouth.
You have claws for feet.


Message History

Unknown command.
The adder bites you.
You closely miss the adder. The adder barely misses you.
You hit the adder but do no damage. Your kick misses the adder.
The adder closely misses you.
Casting: Ensorcelled Hibernation (safe; 4% risk of failure)
Confirm with . or Enter, or press ? or * to list all spells.
Aiming: Ensorcelled Hibernation (safe; 4% risk of failure)
Press: ? - help, Shift-Dir - straight line, f - you, p - adder That would be overly suicidal.
Okay, then.
Unknown command.
You miss the adder. Your peck misses the adder. The adder closely misses you.
You closely miss the adder. Your kick misses the adder.
You peck the adder, but do no damage. The adder bites you. x2
You are poisoned.
The adder poisons you!
You miss the adder. Your kick misses the adder.
You feel sick. The adder closely misses you.
You hit the adder.
The adder is lightly wounded.
The adder bites you.
You are more poisoned.
The adder poisons you!
You hit the adder.
The adder is lightly wounded.
You feel sick. The adder bites you.
* * * LOW HITPOINT WARNING * * *
You are more poisoned.
The adder poisons you!
You hit the adder.
The adder is heavily wounded.
* * * LOW HITPOINT WARNING * * *
You feel sick. The adder bites you.
* * * LOW HITPOINT WARNING * * *
The adder bites you but does no damage.
Unknown command.
* * * LOW HITPOINT WARNING * * *
You feel sick.
You die...

......# #..................####.
......####..................# #.
#.##........(...............####.
.................................
.................................
..###+##...###...................
..# #... ###............####. #.#
.... #.)..........# #.. ....
..... #@....... #.. .###.
.....##....#### #.##.. .# ..
.......S...# #.##.. .. .
...........########..#.. ..
........................
.###...###.....)........ #...
.............. ....
######........ ..... .##..._.....


You could see an adder.

Vanquished Creatures
  Natasha (twice) (D:2)
  An adder (D:2)
  A worm (D:2)
  A dart slug (D:1)
  5 endoplasms
  A giant cockroach (D:1)
  3 hobgoblins
  2 quokkas
  4 ball pythons
  5 bats
  3 frilled lizards
  3 goblins (D:1)
  6 kobolds
  5 rats
42 creatures vanquished.

Notes
Turn   | Place    | Note
-------+----------+-------------------------------------------
     0 | D:1      | tilp the Tengu Enchanter began the quest for the Orb.
     0 | D:1      | Reached XP level 1. HP: 10/10 MP: 4/4
   306 | D:1      | Reached XP level 2. HP: 15/15 MP: 6/6
   309 | D:1      | Learned a level 2 spell: Ensorcelled Hibernation
   406 | D:1      | Reached skill level 4 in Stealth
   807 | D:1      | Reached XP level 3. HP: 19/19 MP: 7/7
   814 | D:1      | Learned a level 3 spell: Confusing Touch
   925 | D:2      | Noticed Natasha
  1286 | D:2      | Found a shadowy altar of Dithmenos.
  1362 | D:2      | Became a worshipper of Dithmenos the Shadowed
  1505 | D:2      | Reached skill level 1 in Ice Magic
  1706 | D:2      | Killed Natasha
  1707 | D:2      | Reached XP level 4. HP: 11/24 MP: 5/8
  1802 | D:2      | Noticed Natasha
  1808 | D:2      | Killed Natasha
  1962 | D:2      | HP: 1/24 [poisoned by an adder]
  1963 | D:2      | Succumbed to an adder's poison

Illustrated notes

Levels and vault maps discovered:
D:1:      lightli_arrival_lavapool, layout_loops_cross, st_stairs_10
D:2:      layout_basic, basic_altar, minmay_tripent, uniq_natasha

Skill      XL: |  1  2  3  4 |
---------------+-------------+-----
Stealth        | 4 |  4.0
Ice Magic      | 1 2 |  2.0
Hexes          | 3 |  3.0
Short Blades   | |  1.1
Dodging        | |  2.1
Spellcasting   | |  2.0

Action                   |  1- 3 |  4- 6 || total
-------------------------+-------+-------++-------
Melee: Dagger            |    69 |    15 ||    84
       Kick              |    20 |     2 ||    22
       Peck              |     8 |     1 ||     9
       Punch             |     1 |       ||     1
Throw: Stone             |     5 |       ||     5
 Cast: Ensorcelled Hiber |    14 |     9 ||    23
  Use: Scroll            |     1 |       ||     1
 Stab: Sleeping          |    18 |     3 ||    21
Armor: Robe              |    13 |     1 ||    14
Dodge: Dodged            |    29 |     8 ||    37
